 Dungeon Crawl Stone Soup version 0.29.1-1-gd02db6906a (webtiles) character file.

Game seed: 8908103872905882461

3943 Anriel the Thaumaturge (level 10, -1/81 HPs)
             Began as a Deep Elf Conjurer on Oct 18, 2022.
             Was a Believer of Sif Muna.
             Slain by an orc warrior
             ... wielding a +0 spear
              (8 damage)
             ... in a bailey.
             The game lasted 00:57:42 (7028 turns).

Anriel the Thaumaturge (Deep Elf Conjurer)          Turns: 7028, Time: 00:57:43

Health: -1/81      AC: 25    Str:  7    XL:     10   Next: 1%
Magic:  0/26       EV:  2    Int: 31    God:    Sif Muna [**....]
Gold:   317        SH:  0    Dex: 15    Spells: 15/29 levels left

rFire   + . .      SeeInvis +   m - +7 dagger of the Lurker {drain, Str+3 Int+5}
rCold   x . .      Faith    .   (no shield)
rNeg    . . .      Spirit   +   (body armour currently unavailable)
rPois   +          Reflect  .   (helmet currently unavailable)
rElec   .          Harm     .   (cloak currently unavailable)
rCorr   .          Rampage  .   (gloves currently unavailable)
Will    +....      NoTele   +   (boots currently unavailable)
Stlth   ++++......              i - amulet of guardian spirit
HPRegen 0.23/turn               s - ring of Lamidgh {EV+4 Slay+3 SInv Stlth+}
MPRegen 0.20/turn               z - ring of fire

@: brilliant, tree-form
A: stationary, stasis, torment immunity, boosted hp
a: Renounce Religion, Channel Magic


You were in a bailey.
You worshipped Sif Muna.
Sif Muna was pleased with you.
You were a tree.
You visited 2 branches of the dungeon, and saw 8 of its levels.
You also visited: Bailey.

You collected 447 gold pieces.
You spent 130 gold pieces at shops.

Inventory:

Hand Weapons
 m - the +7 dagger of the Lurker (weapon) {drain, Str+3 Int+5}
   (You found it on level 2 of the Dungeon)

   A truly terrible weapon, it drains the life of any living foe it strikes.
   Str:       It affects your strength (+3).
   Int:       It affects your intelligence (+5).
 u - a +4 quarterstaff of chaos
 v - the +10 spear "Pateud" {holy, MP-9 Int+3 Dex+2}
   (You found it on level 7 of the Dungeon)

   It has been blessed by the Shining One to cause great damage to the undead
   and demons.
   Int:       It affects your intelligence (+3).
   Dex:       It affects your dexterity (+2).
   MP:        It affects your magic capacity (-9).
Armour
 b - a +1 pair of gloves (melded)
 j - the +1 cloak of the Louse (melded) {rC+ Str+4 Int+4 Dex-3}
   (You found it on level 2 of the Dungeon)

   Str:       It affects your strength (+4).
   Int:       It affects your intelligence (+4).
   Dex:       It affects your dexterity (-3).
   rC:        It protects you from cold.
 p - the +1 robe "Veoz Laff" (melded) {MP+9 Int+4}
   (You found it on level 4 of the Dungeon)

   Int:       It affects your intelligence (+4).
   MP:        It affects your magic capacity (+9).
 t - +1 steam dragon scales
Magical Staves
 g - a staff of poison
Jewellery
 e - an amulet of the acrobat
 i - an amulet of guardian spirit (around neck)
 l - a ring of see invisible
 s - the ring of Lamidgh (left branch) {EV+4 Slay+3 SInv Stlth+}
   (You bought it in a shop on level 4 of the Dungeon)

   [ring of evasion]

   EV:        It affects your evasion (+4).
   Slay:      It affects your accuracy & damage with ranged weapons and melee
   (+3).
   SInv:      It lets you see invisible.
   Stlth:     It makes you more stealthy.
 z - a ring of fire (right branch)
Wands
 r - a wand of paralysis (14)
Scrolls
 a - a scroll of teleportation
 f - a scroll of identify
Potions
 d - 2 potions of brilliance
 h - a potion of might
 x - 2 potions of flight


   Skills:
 + Level 2.7 Fighting
 + Level 4.6 Short Blades
 * Level 8.4 Dodging
 + Level 5.0 Stealth
 + Level 10.1 Spellcasting
 + Level 9.2 Conjurations
 + Level 0.9 Translocations
 + Level 1.9 Fire Magic


You had 15 spell levels left.
You knew the following spells:

 Your Spells              Type           Power      Damage    Failure   Level
a - Magic Dart            Conj           100%       1d8       1%          1
b - Searing Ray           Conj           100%       2d8       1%          2
c - Iskenderun's Mystic   Conj/Tloc      63%        2d13      3%          4
d - Conjure Flame         Conj/Fire      85%        6-21      1%          3
e - Flame Wave            Conj/Fire      85%        2d18      3%          4

Your spell library contained the following spells:

 Spells                   Type           Power      Damage    Failure   Level
 Foxfire                  Conj/Fire      100%       2x1d9     1%          1
 Dazzling Flash           Conj/Hex       100%       N/A       1%          3
 Fulminant Prism          Conj/Hex       30%        3d16      4%          4
 Gell's Gravitas          Tloc           32%        N/A       6%          3
 Inner Flame              Hex/Fire       48%        N/A       6%          3
 Teleport Other           Tloc           32%        N/A       6%          3
 Dispersal                Tloc           16%        N/A       97%         6


Dungeon Overview and Level Annotations

Branches:
Dungeon (7/15)             Temple (1/1) D:5          Bailey (1/1)

Altars:
Ashenzari
Cheibriados
Dithmenos
Elyvilon
Fedhas
Gozag
Hepliaklqana
Kikubaaqudgha
Makhleb
Nemelex Xobeh
Okawaru
Qazlal
Ru
Sif Muna
Trog
Uskayaw
Vehumet
Wu Jian
Xom
Zin
The Shining One

Shops:
D:4 (*


Message History

The orc warrior is lightly wounded.
The iceblast engulfs the orc warrior!
The orc warrior is almost dead.
The orc warrior hits you from afar with a +0 spear!
There's nothing to close nearby.
Aiming: Iceblast
Press: ? - help, Shift-Dir - straight line, f - orc warrior
Aim: an orc warrior, wielding a +0 spear and wearing a +0 plate armour (lightly wounded)
The mass of ice explodes!
The iceblast engulfs the orc warrior.
The orc warrior is moderately wounded.
The iceblast engulfs the orc warrior.
You kill the orc warrior!
Sif Muna accepts your kill.
The orc warrior hits you from afar with a +0 spear.
You have reached level 10!
Aiming: Iceblast
Press: ? - help, Shift-Dir - straight line, f/p - orc warrior
Aim: an orc warrior, wielding a +0 spear and wearing a +0 plate armour (moderately wounded)
The mass of ice explodes!
The iceblast engulfs the orc warrior.
The orc warrior is moderately wounded.
The now-empty wand crumbles to dust.
The orc warrior hits you from afar with a +0 spear!
* * * LOW HITPOINT WARNING * * *
Okay, then.
The orc warrior closely misses you.
Really quaff the potion of lignification?
You turn into a tree.
The +1 cloak of the Louse {rC+ Str+4 Int+4 Dex-3} melds into your body.
Your +1 pair of gloves melds into your body.
The +1 robe "Veoz Laff" {MP+9 Int+4} melds into your body.
You feel your magic capacity decrease.
Your roots penetrate the ground.
The orc warrior hits you with a +0 spear.
* * * LOW HITPOINT WARNING * * *
You hit the orc warrior but do no damage.
The orc warrior is moderately wounded.
You hit the orc warrior but do no damage.
You drain the orc warrior.
The orc warrior is heavily wounded.
The orc warrior hits you with a +0 spear!
You die...

####..≈≈≈≈≈..#$.######
###.....≈≈≈≈...#.....)..
♣♣♣...♣♣..≈≈≈≈...##.......
♣♣......♣..≈≈≈≈....#.o#
♣.........######...#.8#
♣..∩...............#..#
♣............)...).'..#
♣..........o.).)...'..#
♣..∩......♣).).....#..#
♣.........######...#.8#
♣♣.........≈≈≈≈....#..#
♣♣♣....♣..≈≈≈≈.♣.##...
###.....≈≈≈≈...#.)...
##.♣..≈≈≈≈♣..#$.####
#...≈≈≈≈≈♣..###
#♣.≈≈≈≈≈♣♣....#
♣♣≈≈≈≈≈♣♣♣..##


You could see an orc warrior (drained).

Vanquished Creatures
  An orc knight (Bailey)
  The ghost of duchin the Trooper, an amateur HOFi (D:4)
  A hornet (D:7)
  The ghost of rubinsalamander the Firebug, an amateur GnFE of Sif Muna (D:3)
  A steam dragon (D:6)
  A black bear (D:5)
  5 orc warriors
  3 ice beasts
  2 ogres (D:6)
  3 centaurs
  2 phantoms
  3 bullfrogs
  5 wights (D:7)
  The ghost of seehj the Sneak, a weakling HODe (D:5)
  2 howler monkeys (D:6)
  A bullfrog zombie (D:3)
  3 hounds
  3 jellies
  A gnoll bouda (D:5)
  Crazy Yiuf (D:4)
  4 iguanas
  4 orc wizards
  Natasha (thrice) (D:2)
  A killer bee zombie (D:3)
  3 gnolls (D:5)
  10 adders
  A shadow imp (D:6)
  A white imp (D:6)
  3 ufetubi
  A worm (D:5)
  2 dart slugs
  18 orcs
  3 bats
  8 endoplasms
  7 giant cockroaches
  11 goblins
  7 hobgoblins
  A jackal (D:5)
  4 kobolds
  4 quokkas
  7 ball pythons
  4 frilled lizards
  4 rats
152 creatures vanquished.

Vanquished Creatures (others)
  A plant (D:6)
1 creature vanquished.

Grand Total: 153 creatures vanquished

Notes
Turn   | Place    | Note
-------+----------+-------------------------------------------
     0 | D:1      | Anriel the Deep Elf Conjurer began the quest for the Orb.
     0 | D:1      | Reached XP level 1. HP: 10/10 MP: 6/6
   312 | D:1      | Reached XP level 2. HP: 3/15 MP: 5/8
   731 | D:1      | Learned a level 2 spell: Searing Ray
   985 | D:1      | Found a faded altar of an unknown god.
  1001 | D:1      | Reached skill level 5 in Conjurations
  1308 | D:2      | Noticed Natasha
  1317 | D:2      | Killed Natasha
  1318 | D:2      | Reached XP level 3. HP: 11/19 MP: 0/9
  1420 | D:2      | Identified the +1 cloak of the Louse {rC+ Str+4 Int+4
                  | Dex-3}
  1553 | D:2      | Reached XP level 4. HP: 24/24 MP: 4/11
  1631 | D:2      | Identified the +7 dagger of the Lurker {drain, Str+3 Int+5}
  1869 | D:2      | Noticed Natasha
  1874 | D:2      | Killed Natasha
  1878 | D:2      | Noticed Natasha
  1882 | D:2      | Killed Natasha
  1883 | D:2      | Reached skill level 4 in Spellcasting
  1883 | D:2      | Reached XP level 5. HP: 28/28 MP: 3/13
  2072 | D:3      | Found a runed translucent gate.
  2072 | D:3      | Found a runed translucent gate.
  2072 | D:3      | Found a runed translucent gate.
  2073 | D:3      | Noticed rubinsalamander's ghost (amateur GnFE)
  2798 | D:4      | Found a transporter.
  2798 | D:4      | Noticed an orc warrior
  2806 | D:4      | Noticed duchin's ghost (amateur HOFi)
  2818 | D:4      | Identified the +1 robe "Veoz Laff" {MP+9 Int+4}
  2823 | D:4      | Found a transporter.
  3004 | D:4      | Noticed an ice beast
  3059 | D:4      | Killed an ice beast
  3060 | D:4      | Reached skill level 1 in Short Blades
  3060 | D:4      | Reached XP level 6. HP: 22/32 MP: 14/15
  3132 | D:4      | Reached skill level 5 in Spellcasting
  3233 | D:4      | Found Hifarph's Assorted Antiques.
  3241 | D:4      | Bought a flickering marble ring for 130 gold pieces
  3241 | D:4      | Identified the ring of Lamidgh {EV+4 Slay+3 SInv Stlth+}
                  | (You bought it in a shop on level 4 of the Dungeon)
  3365 | D:4      | Found a runed translucent door.
  3365 | D:4      | Noticed Crazy Yiuf
  3372 | D:4      | Killed Crazy Yiuf
  3512 | D:4      | Found Wamahuil's Antique Weapon Boutique.
  3572 | D:5      | Entered Level 5 of the Dungeon
  3606 | D:5      | Found a staircase to the Ecumenical Temple.
  3612 | Temple   | Entered the Ecumenical Temple
  3663 | Temple   | Became a worshipper of Sif Muna the Loreminder
  3710 | D:5      | Learned a level 4 spell: Iskenderun's Mystic Blast
  3714 | D:5      | Learned a level 3 spell: Conjure Flame
  3719 | D:5      | Learned a level 4 spell: Flame Wave
  3726 | D:5      | Noticed an ice beast
  3760 | D:5      | Killed an ice beast
  3761 | D:5      | Reached XP level 7. HP: 37/37 MP: 16/17
  3780 | D:5      | Reached skill level 6 in Spellcasting
  3787 | D:5      | Reached skill level 5 in Dodging
  4002 | D:5      | Found a large runed translucent door.
  4003 | D:5      | Found a large runed translucent door.
  4003 | D:5      | Noticed seehj's ghost (weakling HODe)
  4049 | D:5      | Killed seehj's ghost
  4111 | D:5      | Found a snail-covered altar of Cheibriados.
  4356 | D:5      | Found a faded altar of an unknown god.
  4356 | D:5      | Found a hazy altar of Hepliaklqana.
  4361 | D:5      | Found a burning altar of Makhleb.
  4363 | D:5      | Found an ancient bone altar of Kikubaaqudgha.
  4364 | D:5      | Found a stormy altar of Qazlal.
  4540 | D:3      | Reached XP level 8. HP: 40/42 MP: 20/20
  4544 | D:3      | Killed rubinsalamander's ghost
  4545 | D:3      | Reached skill level 1 in Fighting
  4545 | D:3      | Reached skill level 7 in Spellcasting
  4922 | D:4      | HP: 2/43 [duchin's ghost (11)]
  5231 | D:4      | Killed duchin's ghost
  5863 | D:6      | Reached skill level 8 in Spellcasting
  6192 | D:6      | Reached skill level 1 in Fire Magic
  6192 | D:6      | Reached XP level 9. HP: 44/48 MP: 22/23
  6269 | D:6      | Found a radiant altar of Vehumet.
  6269 | D:6      | Found an ornate altar of the Wu Jian Council.
  6303 | D:6      | Reached * piety under Sif Muna
  6551 | D:7      | Reached skill level 9 in Spellcasting
  6570 | D:7      | Identified the +10 spear "Pateud" {holy, MP-9 Int+3 Dex+2}
  6733 | D:7      | Found a white marble altar of Elyvilon.
  6733 | D:7      | Found a glowing golden altar of the Shining One.
  6733 | D:7      | Found a glowing silver altar of Zin.
  6765 | D:7      | Reached skill level 5 in Stealth
  6807 | D:7      | Found a flagged portal.
  6821 | Bailey   | Entered a bailey
  6986 | Bailey   | Noticed an orc knight
  7012 | Bailey   | Killed an orc knight
  7013 | Bailey   | Reached skill level 10 in Spellcasting
  7023 | Bailey   | Reached ** piety under Sif Muna
  7024 | Bailey   | Reached XP level 10. HP: 19/54 MP: 1/26
  7028 | Bailey   | Slain by an orc warrior

Illustrated notes

Levels and vault maps discovered:
D:1:      minmay_arrival_radiant_lines, layout_loops_corners,
          ebering_ecumenical_altar_webs, serial_rivers,
          chequers_serial_rivers_small_b, chequers_serial_rivers_small_b,
          chequers_serial_rivers_micro_c, chequers_serial_rivers_small_b,
          minmay_misc_feat_alley, minmay_misc_feat_plants, corner_web_ring
D:2:      layout_rooms, uniq_natasha
D:3:      layout_basic, gammafunk_ghost_necromancy
D:4:      layout_basic, serial_shops, shop, nicolae_shop_waterfront,
          gammafunk_ghost_arena, grunt_tough_drop, uniq_crazy_yiuf_cottage
D:5:      layout_cave_pools, chequers_temple_overflow_minitemple,
          nicolae_overflow_crystal_walls, minmay_temple_entry_enclosed_plants,
          ebering_ghost_disaster_area, minmay_fractal_squares_diagonal_5
D:6:      layout_gridville, mainiacjoe_overflow_big_doors, st_stairs_13,
          chequers_serial_rivers_micro_a, serial_bayou_pond_d
D:7:      minmay_chambers_of_sixes, layout_basic, dreamdust_divine_triumvirate,
          serial_glass, glass_columns_a, glass_columns_c, enter_bailey_4,
          minivault_19, dk_noncrumbling_3
Temple:   hellmonk_temple_of_storms
Bailey:   bailey_polearm_elven_captive_hellmonk, bailey

Skill      XL: |  1  2  3  4  5  6  7  8  9 |
---------------+----------------------------+-----
Conjurations   | 5 6 7 8 9 |  9.2
Stealth        | 3 4 5 |  5.0
Dodging        | 3 4 5 7 8 |  8.4
Spellcasting   | 4 5 6 8 10 | 10.1
Short Blades   | 1 2 3 4 |  4.6
Fighting       | 1 2 |  2.7
Fire Magic     | 1 |  1.9
Translocations | |  0.9

Action                   |  1- 3 |  4- 6 |  7- 9 | 10-12 || total
-------------------------+-------+-------+-------+-------++-------
Melee: Short sword       |     2 |       |       |       ||     2
       Dagger            |       |    27 |    41 |     2 ||    70
 Cast: Magic Dart        |    40 |    73 |    79 |       ||   192
       Searing Ray       |     4 |     8 |    47 |       ||    59
       Conjure Flame     |       |     2 |     3 |       ||     5
       Iskenderun's Myst |       |       |     3 |       ||     3
       Flame Wave        |       |       |     2 |       ||     2
Evoke: Wand              |       |       |     6 |     1 ||     7
  Use: Scroll            |       |     6 |    16 |       ||    22
       Potion            |       |       |     7 |     1 ||     8
Armor: Robe              |     2 |     8 |    22 |       ||    32
Dodge: Dodged            |     5 |    17 |   123 |     1 ||   146
